Map: Central Protocol

Players

LiquidMaNa (MaNa)

  • Race: Protoss Protoss
  • League: Grandmaster

Elazer - Winner!

  • Race: Zerg Zerg
  • League: Grandmaster

Event: 2016 WCS Winter Challenger Europe

VOD

Have the link to the VOD?

Description

Time

  • Played on: Feb. 13, 2016, 1:29 p.m.
  • Length: 14:06

All games in this series

Show
View Real Time Build Order
Export as new Build Order

LiquidMaNa Protoss 

Build Orders: 1 Gate Expand 

Get SALT Encoding   

  12  0:00  Probe (Chrono Boost)  
  13  0:11  Probe (Chrono Boost)  
  14  0:20  Pylon  
  14  0:22  Probe (Chrono Boost)  
  15  0:38  Probe (Chrono Boost)  
  16  0:44  Gateway  
  16  0:49  Probe (Chrono Boost)  
  17  0:55  Assimilator  
  17  0:59  Probe (Chrono Boost)  
  18  1:19  Nexus  
  18  1:31  Cybernetics Core  
  18  1:32  Probe (Chrono Boost)  
  19  1:42  Probe (Chrono Boost)  
  19  1:44  Pylon  
  20  1:53  Probe (Chrono Boost)  
  21  2:03  Probe (Chrono Boost), Assimilator  
  21  2:07  Stalker (Chrono Boost)  
  24  2:10  Warp Gate  
  24  2:15  Probe  
  25  2:27  Probe  
  25  2:29  Probe  
  26  2:34  Adept (Chrono Boost)  
  29  2:39  Probe  
  29  2:42  Twilight Council  
  29  2:44  Probe  
  30  2:51  Probe (Chrono Boost)  
  32  2:56  Probe (Chrono Boost)  
  33  3:03  Mothership Core (Chrono Boost)  
  33  3:05  Adept  
  37  3:07  Probe (Chrono Boost)  
  37  3:08  Assimilator  
  38  3:17  Probe (Chrono Boost)  
  39  3:21  Probe (Chrono Boost)  
  39  3:22  Resonating Glaives (Chrono Boost)  
  39  3:26  Probe  
  40  3:32  Probe  
  42  3:35  Pylon  
  42  3:36  Probe  
  43  3:45  Probe  
  43  3:47  Probe  
  44  3:54  Robotics Facility  
  45  3:57  Probe x2  
  47  4:05  Gateway  
  47  4:07  Gateway  
  47  4:08  Probe  
  47  4:09  Probe  
  49  4:13  Adept  
  49  4:14  Forge  
  51  4:19  Probe  
  51  4:20  Pylon  
  51  4:21  Probe  
  53  4:30  Probe, Assimilator  
  53  4:36  Pylon  
  55  4:38  Probe  
  55  4:41  Blink (Chrono Boost), Warp Prism (Chrono Boost)  
  55  4:42  Probe, Sentry  
  55  4:44  Protoss Ground Weapons Level 1 (Chrono Boost)  
  60  4:50  Probe  
  61  4:59  Pylon  
  61  5:00  Probe  
  61  5:02  Probe  
  61  5:04  Sentry x2  
  61  5:06  Sentry  
  69  5:08  Pylon  
  69  5:17  Observer (Chrono Boost)  
  69  5:18  Probe x2  
  72  5:25  Nexus  
  72  5:35  Immortal (Chrono Boost)  
  76  5:44  Probe x2  
  76  5:45  Pylon  
  76  5:49  Stalker x3  
  84  6:04  Robotics Bay  
  84  6:05  Probe x2  
  90  6:12  Immortal (Chrono Boost)  
  90  6:14  Pylon  
  90  6:16  Pylon  
  90  6:22  Adept x2  
  90  6:25  Pylon  
  94  6:34  Gateway  
  94  6:35  Stalker  
  94  6:38  Gateway  
  96  6:46  Immortal (Chrono Boost)  
  100  6:52  Stalker x2  
  104  7:00  Probe, Stalker  
  98  7:01  Probe  
  98  7:02  Probe  
  101  7:11  Protoss Ground Weapons Level 2  
  101  7:13  Stargate x2  
  101  7:17  Stalker x2  
  105  7:26  Probe, Stalker  
  105  7:27  Probe x2  
  101  7:44  Probe, Disruptor (Chrono Boost)  
  99  7:45  Probe x2  
  99  7:50  Adept, Zealot  
  109  7:57  Probe  
  110  7:59  Probe  
  110  8:00  Probe  
  110  8:03  Phoenix  
  112  8:18  Probe x2  
  104  8:20  Probe  
  104  8:22  Phoenix  
  106  8:28  Phoenix  
  103  8:49  Pylon  
  103  8:51  Pylon  
  97  9:09  Nexus, Phoenix  
  92  9:20  Pylon  
  91  9:24  Probe x2  
  91  9:29  Sentry  
  94  9:36  Pylon  
  97  9:38  Disruptor (Chrono Boost)  
  97  9:46  Adept  
  97  9:47  Adept  
  100  9:55  Probe x2  
  102  10:07  Probe x2  
  102  10:09  Adept  
  102  10:10  Immortal (Chrono Boost)  
  102  10:13  Pylon  
  110  10:20  Probe x2  
  110  10:21  Probe, Stalker x3  
  119  10:32  Probe  
  119  10:33  Probe x2  
  122  10:44  Observer (Chrono Boost)  
  122  10:45  Probe  
  122  10:49  Probe  
  122  10:50  Probe  
  122  10:56  Pylon  
  120  10:57  Probe  
  120  10:59  Zealot  
  120  11:03  Immortal (Chrono Boost)  
  124  11:06  Probe  
  124  11:07  Probe  
  124  11:08  Adept  
  124  11:09  Probe  
  124  11:14  Adept  
  121  11:19  Probe  
  121  11:22  Probe  
  121  11:24  Probe, Assimilator  
  123  11:31  Probe  
  124  11:36  Warp Prism (Chrono Boost)  
  126  11:40  Probe  
  126  11:41  Probe  
  126  11:43  Probe  
  126  11:46  Sentry x2  
  133  11:48  Sentry  
  133  11:50  Sentry  
  133  11:51  Probe  
  138  11:56  Probe x2  
  140  12:04  Pylon  
  140  12:06  Pylon  
  140  12:22  Zealot  
  142  12:24  Adept x3  
  133  12:46  Adept x2  
  133  12:47  Adept  
  133  12:48  Stalker  
  131  12:52  Adept  
  113  13:15  Stalker x4  
  120  13:21  Warp Prism (Chrono Boost)  
  121  13:31  Probe  
  89  13:55  Adept  
  89  13:56  Adept x3  
Show
View Real Time Build Order
Export as new Build Order

Elazer Zerg - Winner!

Build Orders: Hatch First, Lurkers 

Get SALT Encoding   

  12  0:00  Drone  
  13  0:13  Overlord  
  13  0:17  Drone  
  14  0:31  Drone x2  
  14  0:35  Drone  
  17  0:52  Hatchery  
  17  0:55  Drone  
  17  0:58  Drone  
  18  1:08  Extractor  
  17  1:13  Spawning Pool  
  17  1:16  Drone  
  17  1:18  Drone  
  18  1:28  Drone  
  19  1:39  Overlord  
  19  1:53  Drone  
  20  1:59  Queen  
  22  2:01  Drone  
  22  2:03  Queen  
  22  2:04  Zergling x2  
  22  2:08  Metabolic Boost  
  26  2:13  Drone  
  27  2:16  Drone  
  27  2:22  Drone  
  29  2:29  Drone  
  30  2:33  Drone  
  31  2:41  Queen  
  33  2:45  Hatchery  
  33  2:51  Overlord  
  32  2:52  Drone  
  32  2:54  Drone  
  32  2:57  Drone  
  35  3:01  Drone  
  36  3:10  Drone x2  
  36  3:11  Drone x2  
  40  3:13  Overlord  
  40  3:17  Drone x2  
  42  3:21  Queen  
  44  3:34  Overlord  
  44  3:37  Extractor  
  44  3:38  Drone x3  
  44  3:39  Drone  
  47  3:47  Drone, Spore Crawler  
  47  3:49  Drone  
  47  3:50  Drone  
  47  3:52  Drone x5  
  54  3:57  Roach Warren  
  54  4:01  Lair  
  53  4:04  Overlord  
  53  4:17  Overlord  
  53  4:19  Drone x2  
  55  4:24  Drone x3  
  55  4:27  Zergling x2  
  55  4:29  Drone x2  
  55  4:30  Drone  
  61  4:32  Overlord, Drone  
  61  4:33  Drone x3, Extractor  
  64  4:42  Extractor  
  64  4:43  Drone x2  
  64  4:44  Drone  
  66  4:51  Roach x4  
  74  4:57  Extractor  
  74  4:59  Spire  
  72  5:00  Drone x3  
  72  5:02  Drone  
  72  5:03  Extractor  
  72  5:04  Drone x3, Glial Reconstitution  
  78  5:08  Overlord x2  
  78  5:13  Roach  
  78  5:14  Roach  
  82  5:17  Overlord x2  
  82  5:32  Roach  
  82  5:33  Roach x3  
  90  5:38  Drone x5  
  90  5:42  Overlord  
  95  5:46  Drone  
  95  5:49  Overlord  
  94  5:58  Hatchery  
  94  6:01  Drone  
  94  6:02  Drone x2  
  94  6:11  Mutalisk x7  
  94  6:15  Zerg Flyer Weapons Level 1  
  94  6:17  Drone  
  109  6:19  Mutalisk  
  109  6:21  Mutalisk  
  112  6:26  Overlord  
  112  6:34  Overseer  
  112  6:35  Roach x3  
  112  6:36  Roach x3  
  112  6:38  Drone  
  125  6:40  Overlord  
  125  6:43  Mutalisk  
  127  6:49  Zergling x12  
  133  7:02  Overlord  
  133  7:05  Roach x2  
  133  7:07  Overlord x2  
  137  7:09  Overlord  
  137  7:19  Roach  
  137  7:20  Roach x2  
  137  7:21  Overlord x3  
  143  7:28  Roach x8  
  157  7:38  Roach  
  157  7:39  Roach x5  
  157  7:43  Roach  
  167  7:47  Ravager x7  
  167  7:48  Zergling x2  
  167  7:49  Zergling x4  
  176  8:01  Zergling x2  
  176  8:02  Zergling x10, Ravager x2  
  176  8:03  Ravager x2  
  181  8:06  Zergling x6  
  180  8:18  Roach  
  180  8:19  Roach x7  
  185  8:20  Ravager  
  178  8:34  Zergling x18  
  172  8:37  Drone  
  172  8:39  Hydralisk Den  
  177  8:44  Overlord  
  177  8:54  Drone x2  
  178  8:57  Evolution Chamber x2  
  178  8:59  Overlord  
  178  9:01  Ravager  
  173  9:11  Hydralisk  
  173  9:12  Hydralisk x10  
  173  9:13  Overlord  
  173  9:17  Muscular Augments  
  191  9:18  Zergling x22  
  196  9:29  Zergling x2  
  196  9:30  Zergling x10  
  200  9:33  Zerg Melee Weapons Level 1  
  200  9:35  Zerg Ground Armor Level 1  
  199  9:42  Hatchery  
  195  9:56  Drone x2  
  195  9:58  Infestation Pit  
  195  9:59  Extractor  
  195  10:00  Drone x4, Extractor  
  195  10:01  Drone x2  
  195  10:02  Spore Crawler  
  195  10:03  Spine Crawler x2  
  197  10:29  Lurker Den  
  197  10:38  Hive  
  189  10:45  Hydralisk x5  
  151  11:22  Zergling x16  
  156  11:30  Hydralisk x5  
  156  11:32  Zergling x8  
  169  11:33  Zergling x34  
  169  11:34  Zerg Melee Weapons Level 2, Zerg Ground Armor Level 2  
  186  11:44  Spore Crawler  
  185  11:49  Spore Crawler  
  185  11:52  Greater Spire  
  184  11:58  Lurker  
  184  11:59  Lurker x6  
  184  12:00  Lurker x2  
  188  12:06  Zergling x12  
  193  12:12  Spine Crawler  
  193  12:13  Spore Crawler  
  193  12:14  Lurker x2  
  193  12:15  Lurker x3  
  185  12:40  Corruptor x3  
  169  12:52  Corruptor x2  
  169  12:53  Zergling x2  
  169  12:54  Zergling x32  
  173  13:09  Zergling x2  
  173  13:10  Zergling x16  
  168  13:15  Brood Lord x3  
  173  13:20  Corruptor x2  
  173  13:22  Zergling x16  
  169  13:36  Zergling x2  
  169  13:37  Zergling x12  
  167  13:47  Zergling x6  
Tags
 
Add a new tag
Caveats
  • Supply blocks, unpowered buildings, or Contaminate may cause inaccurate times.
  • Supply counts are checked every 10 seconds.